 Dungeon Crawl Stone Soup version 0.25-a0-667-gb977e01cb5 (webtiles) character file.

Game seed: 10328318037851054250, levelgen mode: deterministic

1212 ReteAZ the Cleaver (level 8, -3/71 HPs)
             Began as a Hill Orc Fighter on Mar 27, 2020.
             Was an Initiate of Makhleb.
             Slain by an ice beast (13 damage)
             ... on level 5 of the Dungeon.
             The game lasted 00:05:13 (4311 turns).

ReteAZ the Cleaver (Hill Orc Fighter)               Turns: 4311, Time: 00:05:14

Health: -3/71      AC:  5    Str: 21    XL:     8   Next: 46%
Magic:  8/8        EV:  9    Int:  8    God:    Makhleb [......]
Gold:   270        SH: 10    Dex: 10    Spells: 7/7 levels left

rFire    . . .     SeeInvis .   s - +2 war axe (vorpal)
rCold    . . .     Gourm    .   c - +0 kite shield
rNeg     + . .     Faith    .   B - +0 troll leather armour
rPois    .         Spirit   .   (no helmet)
rElec    .         Reflect  .   (no cloak)
rCorr    .         Harm     .   (no gloves)
MR       .....                  (no boots)
Stlth    ++........             (no amulet)
HPRegen  0.61/turn              o - ring of positive energy
MPRegen  0.11/turn              h - ring of stealth

@: no status effects
A: no striking features
a: Renounce Religion


You were on level 5 of the Dungeon.
You worshipped Makhleb.
Makhleb was noncommittal.
You were not hungry.

You visited 2 branches of the dungeon, and saw 6 of its levels.

You collected 270 gold pieces.

Inventory:

Hand Weapons
 a - a +0 war axe
 s - a +2 vorpal war axe (weapon)
Missiles
 k - 4 boomerangs (quivered)
 u - 7 javelins
Armour
 c - a +0 kite shield (worn)
 n - a +0 plate armour
 B - a +0 troll leather armour (worn)
Jewellery
 h - a ring of stealth (right hand)
 o - a ring of positive energy (left hand)
Wands
 v - a wand of flame (5)
 w - a wand of random effects (26)
Scrolls
 b - a scroll of teleportation {unknown}
 e - 6 scrolls of identify
 i - a scroll of magic mapping {unknown}
 l - a scroll of remove curse
 t - a scroll of noise {unknown}
 y - a scroll of fog {unknown}
 z - a scroll of silence {unknown}
 A - a scroll of blinking {unknown}
Potions
 d - a potion of might
 g - a potion of mutation
 j - 2 potions of degeneration {unknown}
 m - 3 potions of haste {unknown}
 q - 3 potions of heal wounds {unknown}
 r - a potion of magic {unknown}
 x - 3 potions of flight {unknown}
Comestibles
 f - 6 rations


   Skills:
 + Level 6.4 Fighting
 * Level 8.6 Axes
 + Level 5.8 Armour
 + Level 5.7 Shields


You had 7 spell levels left.
You didn't know any spells.
Your spell library was empty.

Dungeon Overview and Level Annotations

Branches:
Dungeon (5/15)             Temple (1/1) D:5

Altars:
Cheibriados
Dithmenos
Elyvilon
Fedhas
Gozag
Hepliaklqana
Kikubaaqudgha
Makhleb
Nemelex Xobeh
Okawaru
Ru
Sif Muna
Trog
Uskayaw
Vehumet
Xom
Yredelemnul
Zin
The Shining One


Message History

An ice beast is nearby!
You closely miss the ice beast. The ice beast closely misses you.
You closely miss the ice beast. You block the ice beast's attack.
You hit the ice beast but do no damage. You block the ice beast's attack.
You hit the ice beast.
The ice beast is lightly wounded.
The ice beast hits you. The ice beast freezes you!
You hit the ice beast.
The ice beast is moderately wounded.
The ice beast hits you. The ice beast freezes you!
* * * LOW HITPOINT WARNING * * *
Your shield prevents you from hitting the ice beast.
The ice beast is moderately wounded.
The ice beast misses you.
You hit the ice beast but do no damage.
The ice beast is moderately wounded.
The ice beast hits you.
* * * LOW HITPOINT WARNING * * *
The ice beast freezes you!
You die...

################
##.........=....####### #
###..........$.Y@........
.
.....###.########.######
# .##.## #.# ####.#### #
.##.# #.# #.......# #
.##.# #.# #.##.##.# #
.##.####.# #.##.##.# ###
.##......#
#.##.##.##########..
.######..#
#.##.##............# .#
#..# #)##.###############


You could see an ice beast.

Vanquished Creatures
  Eustachio (D:4)
  A hungry ghost (D:3)
  Menkaure (D:4)
  A sky beast (D:5)
  An ogre (D:4)
  A wyvern zombie (D:2)
  A howler monkey (D:5)
  A crimson imp (D:5)
  A bullfrog zombie (D:3)
  2 orc priests (D:3)
  2 hounds (D:4)
  An iguana (D:5)
  Ijyb (D:4)
  2 orc wizards
  2 worker ants (D:5)
  A howler monkey zombie (D:3)
  6 gnolls
  5 adders
  4 worms
  A dart slug (D:4)
  A leopard gecko (D:3)
  16 orcs
  3 ball pythons
  A giant cockroach (D:3)
  2 goblins (D:1)
  8 hobgoblins
  3 jackals (D:5)
  7 bats
  6 frilled lizards
  7 kobolds
  A leopard gecko skeleton (D:4)
  2 quokka skeletons
  A quokka zombie (D:5)
  7 rats
101 creatures vanquished.

Notes
Turn   | Place    | Note
-------+----------+-------------------------------------------
     0 | D:1      | ReteAZ the Hill Orc Fighter began the quest for the Orb.
     0 | D:1      | Reached XP level 1. HP: 19/19 MP: 1/1
    54 | D:1      | Reached skill level 3 in Axes
    96 | D:1      | Reached XP level 2. HP: 23/27 MP: 2/2
   524 | D:2      | Reached XP level 3. HP: 20/33 MP: 3/3
   898 | D:2      | Reached skill level 4 in Axes
   991 | D:2      | Reached XP level 4. HP: 40/40 MP: 4/4
  1239 | D:2      | Reached XP level 5. HP: 12/47 MP: 5/5
  1670 | D:3      | Reached skill level 5 in Axes
  1715 | D:3      | Noticed a hungry ghost
  1766 | D:3      | Killed a hungry ghost
  1766 | D:3      | Reached XP level 6. HP: 54/55 MP: 6/6
  2012 | D:3      | Reached skill level 5 in Fighting
  2012 | D:3      | Reached skill level 6 in Axes
  2208 | D:3      | Found a sparkling altar of Nemelex Xobeh.
  2271 | D:3      | Reached XP level 7. HP: 57/61 MP: 7/7
  2574 | D:4      | Noticed Eustachio
  2725 | D:4      | Killed Eustachio
  2725 | D:4      | Reached skill level 7 in Axes
  2725 | D:4      | Reached skill level 5 in Armour
  2725 | D:4      | Reached skill level 5 in Shields
  3000 | D:4      | Noticed Menkaure
  3007 | D:4      | Killed Menkaure
  3007 | D:4      | Reached XP level 8. HP: 59/70 MP: 8/8
  3293 | D:4      | Noticed Ijyb
  3302 | D:4      | Killed Ijyb
  3375 | D:5      | Entered Level 5 of the Dungeon
  3404 | D:5      | Reached skill level 8 in Axes
  3499 | D:5      | Found a staircase to the Ecumenical Temple.
  3606 | Temple   | Entered the Ecumenical Temple
  3831 | Temple   | Became a worshipper of Makhleb the Destroyer
  4311 | D:5      | Slain by an ice beast

Levels and vault maps discovered:
D:1:      dpeg_arrival_round_b, layout_rooms
D:2:      layout_loops_ring
D:3:      layout_loops_corners, overflow_temple_1_default
D:4:      layout_rooms, first_ration, kennysheep_generic_room_7, uniq_eustachio,
          uniq_menkaure, uniq_ijyb
D:5:      layout_loops_ring, minmay_temple_entry_poolview
Temple:   dpeg_five_rooms_temple

Skill      XL: |  1  2  3  4  5  6  7  8 |
---------------+-------------------------+-----
Axes           | 3 4 5 6 7 8 |  8.6
Fighting       | 4 5 6 |  6.4
Armour         | 4 5 |  5.8
Shields        | 4 5 |  5.7

Action                   |  1- 3 |  4- 6 |  7- 9 || total
-------------------------+-------+-------+-------++-------
Melee: War axe           |    82 |   165 |   145 ||   392
Throw: Throwing net      |       |       |     1 ||     1
  Use: Scroll            |       |       |     2 ||     2
  Eat: Chunk             |       |    15 |     7 ||    22
       Ration            |       |     2 |       ||     2
Armor: Scale mail        |    23 |     8 |       ||    31
       Plate armour      |       |   100 |    18 ||   118
       Ring mail         |       |       |    39 ||    39
       Troll leather arm |       |       |     4 ||     4
Dodge: Dodged            |    27 |    22 |    31 ||    80
Block: Kite shield       |    40 |    78 |    72 ||   190

Table legend:
 A = Non-vault XP
 B = Vault XP
 C = Vault XP percentage of total XP
 D = Non-vault monster count
 E = Vault monster count
 F = Vault count percentage of total count
                 A         B        C        D         E       F
            +---------+---------+-------+---------+---------+-------
      Total |    1326 |     406 |  23.4 |      98 |       3 |   3.0
            +---------+---------+-------+---------+---------+-------
        D:1 |      18 |       0 |   0.0 |      12 |       0 |   0.0
        D:2 |     170 |       0 |   0.0 |      22 |       0 |   0.0
        D:3 |     443 |       0 |   0.0 |      33 |       0 |   0.0
        D:4 |     247 |     406 |  62.2 |      11 |       3 |  21.4
        D:5 |     448 |       0 |   0.0 |      20 |       0 |   0.0
            +---------+---------+-------+---------+---------+-------
